 Dungeon Crawl Stone Soup version 0.29.1-2-gbd0b4ee654 (webtiles) character file.

Game seed: 4106508921532767200

81963 MacCMillion the Markstengu (level 15, -16/85 HPs)
             Began as a Tengu Hunter on Nov 20, 2022.
             Was a High Priest of Hepliaklqana.
             Demolished by a caustic shrike simulacrum (31 damage)
             ... in an ice cave.
             The game lasted 01:39:32 (26637 turns).

MacCMillion the Markstengu (Tengu Hunter)          Turns: 26637, Time: 01:39:33

Health: -16/85     AC: 10    Str: 11    XL:     15   Next: 72%
Magic:  24/25      EV: 28    Int: 11    God:    Hepliaklqana [*****.]
Gold:   1826       SH:  0    Dex: 30    Spells: 16/26 levels left

rFire   . . .      SeeInvis .   T - +3 arbalest (flame)
rCold   . . .      Faith    .   (shield currently unavailable)
rNeg    + . .      Spirit   .   U - +4 Cigotuvi's embrace {rMiasma Drain rN+}
rPois   .          Reflect  .   (helmet restricted)
rElec   .          Harm     .   b - +1 cloak
rCorr   .          Rampage  .   X - +0 pair of gloves
Will    ++...                   (boots unavailable)
Stlth   +++.......              (no amulet)
HPRegen 0.24/turn               Z - +6 ring of dexterity
MPRegen 0.19/turn               R - ring of willpower

@: flying quickly and evasively, hasted, very quick
A: reduced essence, beak, talons 3, nimble flight
a: Renounce Religion, Recall Ancestor, Ancestor Identity, Transference, Idealise


You were in an ice cave.
You worshipped Hepliaklqana.
Hepliaklqana was extremely pleased with you.
You visited 4 branches of the dungeon, and saw 23 of its levels.
You also visited: Bailey and Ice Cave.

You collected 2268 gold pieces.
You spent 442 gold pieces at shops.

Inventory:

Hand Weapons
 a - the +8 shortbow of Cheibriados's Pride {vorpal, rPois Will+++ Str+5 Int-4}
   (You found it on level 5 of the Lair of Beasts)

   Any ammunition fired from it inflicts extra damage upon your enemies.
   Str:       It affects your strength (+5).
   Int:       It affects your intelligence (-4).
   rPois:     It protects you from poison.
   Will:      It greatly increases your willpower.
 I - a +0 long sword
 T - a +3 arbalest of flaming (weapon)
Missiles
 H - 7 throwing nets
Armour
 b - a +1 cloak (worn)
 K - a +0 cloak
 U - the +4 Cigotuvi's embrace (worn) {rMiasma Drain rN+}
   (You found it in a bailey)

   It gathers nearby corpses to temporarily increase the armour it provides.
   It protects you from foul pestilence.
   rN:        It protects you from negative energy.
   Drain:     It drains your maximum health when unequipped.
 X - a +0 pair of gloves (worn)
Jewellery
 i - a ring of resist corrosion
 k - a ring of see invisible
 p - a +6 ring of intelligence
 J - a +6 ring of dexterity
 Q - a ring of positive energy
 R - a ring of willpower (right hand)
 W - an amulet of faith
 Y - a +4 ring of evasion
 Z - a +6 ring of dexterity (left hand)
Wands
 q - a wand of quicksilver (7)
 w - a wand of flame (20)
 A - a wand of polymorph (29)
 F - a wand of paralysis (16)
 P - a wand of mindburst (7)
Scrolls
 c - a scroll of butterflies
 d - 9 scrolls of immolation
 h - 2 scrolls of torment
 m - 2 scrolls of fear
 n - 2 scrolls of summoning
 t - 2 scrolls of amnesia
 x - 5 scrolls of vulnerability
 y - 7 scrolls of teleportation
 B - a scroll of noise
 D - 2 scrolls of poison
 E - 5 scrolls of blinking
 G - a scroll of magic mapping
 L - 2 scrolls of enchant armour
 N - a scroll of enchant weapon
 S - a scroll of brand weapon
 V - a scroll of silence
Potions
 e - 4 potions of mutation
 f - 4 potions of attraction
 g - 12 potions of brilliance
 j - 2 potions of haste
 l - a potion of berserk rage
 o - 4 potions of might
 r - 7 potions of curing
 s - 7 potions of flight
 u - a potion of magic
 v - 3 potions of lignification
 z - 3 potions of invisibility
 C - 5 potions of cancellation
 M - 6 potions of heal wounds
 O - 2 potions of resistance


   Skills:
 + Level 11.2 Fighting
 - Level 1.0 Long Blades
 - Level 18.0 Ranged Weapons
 + Level 11.4 Dodging
 - Level 3.0 Stealth
 - Level 6.0 Spellcasting
 - Level 4.0 Hexes
 - Level 10.9 Summonings
 - Level 12.0 Air Magic
 - Level 6.2 Invocations


You had 16 spell levels left.
You knew the following spells:

 Your Spells              Type           Power      Damage    Failure   Level
a - Call Canine Familiar  Summ           27%        N/A       1%          3
b - Summon Lightning Spi  Summ/Air       28%        N/A       2%          4
c - Summon Guardian Gole  Hex/Summ       19%        N/A       3%          3

Your spell library contained the following spells:

 Spells                   Type           Power      Damage    Failure   Level
 Summon Small Mammal      Summ           100%       N/A       1%          1
 Call Imp                 Summ           27%        N/A       1%          2
 Airstrike                Air            14%        2d(3-19)  1%          4
 Poisonous Vapours        Pois/Air       32%        N/A       3%          2
 Mephitic Cloud           Conj/Pois/Air  12%        N/A       14%         3
 Beastly Appendage        Tmut           6%         N/A       26%         1
 Freeze                   Ice            12%        1d4       26%         1
 Magic Dart               Conj           12%        1d3       26%         1
 Summon Ice Beast         Ice/Summ       15%        N/A       26%         4
 Summon Mana Viper        Hex/Summ       19%        N/A       32%         5
 Scorch                   Fire           6%         2d5       36%         2
 Wereblood                Tmut           3%         N/A       36%         2
 Summon Cactus Giant      Summ           13%        N/A       41%         6
 Cause Fear               Hex            6%         N/A       43%         4
 Corpse Rot               Necr/Pois/Air  12%        N/A       43%         4
 Lightning Bolt           Conj/Air       8%         1d20      52%         5
 Frozen Ramparts          Ice            6%         1d1       58%         3
 Spider Form              Tmut/Pois      3%         N/A       58%         3
 Flame Wave               Conj/Fire      3%         2d5       94%         4
 Hailstorm                Conj/Ice       3%         3d3       94%         4
 Petrify                  Tmut/Erth      3%         N/A       94%         4
 Monstrous Menagerie      Summ           13%        N/A       94%         7
 Metabolic Englaciation   Hex/Ice        3%         N/A       97%         5
 Conjure Ball Lightning   Conj/Air       8%         3x3d6     97%         6
 Fireball                 Conj/Fire      1%         3d3       100%        5
 Iskenderun's Battlesphe  Conj           3%         2d6       100%        5
 Dispersal                Tloc           1%         N/A       100%        6
 Statue Form              Tmut/Erth      2%         N/A       100%        6
 Dragon Form              Tmut           1%         N/A       100%        7
 Orb of Destruction       Conj           1%         9d5       100%        7
 Disjunction              Tloc           1%         N/A       100%        8
 Dragon's Call            Summ           13%        N/A       100%        9


Dungeon Overview and Level Annotations

Branches:
Dungeon (15/15)            Temple (1/1) D:7            Lair (5/5) D:10
  Swamp (0/4) Lair:3        Snake (0/4) Lair:2        Slime (0/5) Lair:4
    Orc (2/2) D:12            Elf (0/3) Orc:2        Vaults (0/5) D:14
 Depths (0/4) D:15         Bailey (visited)           IceCv (1/1)

Altars:
Ashenzari
Cheibriados
Elyvilon
Fedhas
Hepliaklqana
Makhleb
Qazlal
Ru
Sif Muna
Trog
Uskayaw
Vehumet
Wu Jian
Xom
Yredelemnul
Zin

Shops:
D:7 (   Orc:2 !=[*?

Portals:
Pandemonium: Orc:2

Annotations:
D:6 1 runed translucent door, Crazy Yiuf, Eustachio, Sigmund
D:12 2 transporters, Voldus's ghost, journeyman DsFi
Lair:4 3 runed translucent doors, Fiha's ghost, journeyman VSTm


Innate Abilities, Weirdness & Mutations

Your life essence is reduced to manifest your ancestor. (-10% HP)
You have a beak for a mouth.
You have claws for feet.
Your magical nature lets you fly swiftly and evasively.


Message History

Friðuswiþ hits the caustic shrike simulacrum with a +0 broad axe of flaming!
Friðuswiþ melts the caustic shrike simulacrum.
Friðuswiþ closely misses the anaconda simulacrum.
Unknown command.
You shoot a bolt.
The bolt hits the anaconda simulacrum!!!
The bolt melts the anaconda simulacrum!
The anaconda simulacrum vaporises!
Unknown command.
Unknown command.
You shoot a bolt.
The bolt barely misses the caustic shrike simulacrum.
The caustic shrike simulacrum claws you.
The caustic shrike simulacrum freezes you!!
The caustic shrike simulacrum claws you but does no damage.
Friðuswiþ hits the lindwurm simulacrum with a +0 broad axe of flaming.
Friðuswiþ melts the lindwurm simulacrum.
Friðuswiþ hits the lindwurm simulacrum with a +0 broad axe of flaming.
Friðuswiþ melts the lindwurm simulacrum.
The caustic shrike simulacrum closely misses you.
The caustic shrike simulacrum claws you but does no damage.
Friðuswiþ hits the lindwurm simulacrum but does no damage.
Friðuswiþ hits the lindwurm simulacrum with a +0 broad axe of flaming.
Friðuswiþ melts the lindwurm simulacrum.
There is an ice covered gate leading back out of this place here.
Unknown command.
You feel yourself speed up.
The caustic shrike simulacrum claws you!
The caustic shrike simulacrum freezes you!!
* * * LOW HITPOINT WARNING * * *
The white very ugly thing closely misses you.
Friðuswiþ hits the lindwurm simulacrum with a +0 broad axe of flaming!
Friðuswiþ melts the lindwurm simulacrum.
Friðuswiþ hits the lindwurm simulacrum with a +0 broad axe of flaming!
Friðuswiþ melts the lindwurm simulacrum!
The lindwurm simulacrum vaporises!
The caustic shrike simulacrum claws you.
* * * LOW HITPOINT WARNING * * *
The caustic shrike simulacrum freezes you!!
You die...

### ...###
......#
.......##
........##
.8...§...#
.....Z...#
(.....○Z@#
.....R.u.#
.8....ZZ.#
........##
.......##
......#
...### ###


You could see the friendly Friðuswiþ the knight, a white very ugly thing
(drained), a dire elephant simulacrum, 2 lindwurm simulacra and a caustic shrike
simulacrum.

Vanquished Creatures
  4 vault guards (D:14)
  4 boulder beetles
  9 hydras
  A centaur warrior (D:14)
  2 demonspawn (Orc:2)
  A catoblepas (Lair:3)
  10 death yaks
  6 orc high priests (Orc:2)
  Sonja (Orc:1)
  2 goliath frogs (Lair:5)
  A deep elf archer (D:14)
  An orange crystal statue (Lair:4)
  2 deep elf pyromancers
  5 orc knights
  3 ugly things
  2 manticores (D:12)
  2 orc sorcerers
  4 cyclopes
  2 elephants (Lair:1)
  2 black mambas (Lair:4)
  2 ice statues (D:15)
  An orange demon (Orc:2)
  10 cane toads
  A gargoyle (D:14)
  3 kobold demonologists (D:11)
  An unseen horror (D:12)
  2 komodo dragons
  A rime drake (Lair:4)
  An anaconda simulacrum (IceCv)
  An efreet (D:14)
  6 tengu conjurers
  An ice devil (Orc:2)
  2 tyrant leeches (Lair:5)
  A troll (D:9)
  2 polar bears
  Prince Ribbit (Lair:3)
  A hornet (D:8)
  6 slime creatures
  26 blink frogs
  A ynoxinul (Orc:2)
  A dire elephant simulacrum (IceCv)
  A vampire (D:12)
  2 wraiths
  A wyvern (D:8)
  A water elemental (D:15)
  19 yaks
  6 vampire mosquitoes
  3 basilisks
  A warg (Orc:1)
  2 nagas (Lair:2)
  6 water moccasins
  3 acid dragons
  32 orc warriors
  A black bear (D:5)
  3 ice beasts
  12 ogres
  9 centaurs
  3 wolves
  2 phantoms (D:4)
  2 kobold brigands
  12 bullfrogs
  2 gnoll sergeants
  2 scorpions
  A necrophage (D:5)
  3 wights
  10 killer bees
  2 howler monkeys (D:12)
  2 electric eels
  2 lava snakes (Lair:4)
  2 gnoll boudas (D:7)
  5 hounds
  26 orc priests
  6 jellies
  2 iguanas
  Natasha (thrice) (D:2)
  19 orc wizards
  13 gnolls
  9 adders
  A shadow imp (D:6)
  3 white imps
  2 ufetubi
  2 worms
  A dart slug (D:4)
  73 orcs
  2 endoplasms
  A giant cockroach (D:1)
  5 goblins
  3 hobgoblins (D:2)
  11 jackals
  2 quokkas
  4 ball pythons
  2 bats (D:2)
  18 kobolds
  2 rats (D:2)
497 creatures vanquished.

Vanquished Creatures (collateral kills)
  Fannar (Orc:1)
  A hydra (Lair:3)
  A vault guard (D:14)
  A centaur warrior (D:13)
  3 orc high priests (Orc:2)
  2 orc knights (Orc:2)
  A deep elf pyromancer (D:15)
  A cyclops (D:10)
  2 ugly things
  An orc sorcerer (Orc:2)
  2 cane toads
  A komodo dragon (D:12)
  A kobold demonologist (D:11)
  A polar bear (Lair:1)
  A slime creature (D:12)
  7 blink frogs
  3 yaks
  A wraith (D:11)
  A vampire (D:13)
  3 nagas (Lair:2)
  7 vampire mosquitoes
  A warg (Orc:1)
  A water moccasin (Lair:2)
  7 orc warriors
  An ice beast (D:15)
  2 ogres
  2 wolves
  A centaur (D:10)
  2 kobold brigands (D:11)
  2 killer bees (D:9)
  2 lindwurm simulacra (IceCv)
  A howler monkey (D:12)
  An electric eel (Lair:5)
  A jelly (Lair:4)
  8 orc priests
  3 orc wizards
  2 gnolls (D:13)
  A white imp (D:15)
  5 orcs
  2 kobolds
87 creatures vanquished.

Vanquished Creatures (others)
  A two-headed ogre (D:10)
  A deep elf zephyrmancer (Bailey)
  A manticore (D:11)
  2 elephants
  A cane toad (Lair:1)
  2 komodo dragons (Lair:1)
  A hornet (D:10)
  A vampire (D:10)
  A yak (Lair:1)
  2 swamp worms (Lair:3)
  A water moccasin (Lair:1)
  An orc warrior (Orc:2)
  3 wolves (Lair:1)
  11 knights
  9 ancestors
  A bush (Lair:5)
  24 fungi
  75 plants
138 creatures vanquished.

Grand Total: 722 creatures vanquished

Notes
Turn   | Place    | Note
-------+----------+-------------------------------------------
     0 | D:1      | MacCMillion the Tengu Hunter began the quest for the Orb.
     0 | D:1      | Reached XP level 1. HP: 12/12 MP: 2/2
   237 | D:1      | Reached XP level 2. HP: 17/17 MP: 3/3
  1064 | D:2      | Reached XP level 3. HP: 21/21 MP: 4/4
  1091 | D:2      | Found a shimmering altar of Xom.
  1091 | D:2      | Noticed Natasha
  1093 | D:2      | Killed Natasha
  1094 | D:2      | Reached skill level 5 in Ranged Weapons
  1288 | D:2      | Reached XP level 4. HP: 26/26 MP: 5/5
  1438 | D:2      | Noticed Natasha
  1444 | D:2      | Killed Natasha
  1726 | D:2      | Noticed Natasha
  1730 | D:2      | Killed Natasha
  1766 | D:2      | Reached skill level 6 in Ranged Weapons
  1766 | D:2      | Gained mutation: Your magical nature lets you fly swiftly
                  | and evasively. [Tengu growth]
  1766 | D:2      | Reached XP level 5. HP: 30/30 MP: 6/6
  2112 | D:3      | Found an ornate altar of the Wu Jian Council.
  3045 | D:4      | Noticed a phantom
  3311 | D:3      | Reached skill level 7 in Ranged Weapons
  3553 | D:4      | Reached XP level 6. HP: 35/35 MP: 7/7
  4006 | D:4      | Reached XP level 7. HP: 31/42 MP: 8/8
  4165 | D:5      | Entered Level 5 of the Dungeon
  4173 | D:5      | Reached skill level 8 in Ranged Weapons
  4457 | D:5      | Found a sacrificial altar of Ru.
  4727 | D:5      | Reached skill level 5 in Fighting
  4727 | D:5      | Reached XP level 8. HP: 42/49 MP: 9/9
  5009 | D:5      | Reached skill level 9 in Ranged Weapons
  5396 | D:6      | Noticed Sigmund
  5750 | D:6      | Found a snail-covered altar of Cheibriados.
  6036 | D:6      | Found a burning altar of Makhleb.
  6126 | D:6      | Noticed Eustachio
  6208 | D:5      | Reached skill level 10 in Ranged Weapons
  6600 | D:6      | Found a runed translucent door.
  6601 | D:6      | Noticed Crazy Yiuf
  6704 | D:6      | Found a blossoming altar of Fedhas.
  7226 | D:7      | Reached XP level 9. HP: 55/55 MP: 10/10
  7277 | D:7      | Reached skill level 11 in Ranged Weapons
  7493 | D:7      | Found Tod Dechigge's Weapon Emporium.
  7918 | D:7      | Found a staircase to the Ecumenical Temple.
  7929 | Temple   | Entered the Ecumenical Temple
  8158 | Temple   | Became a worshipper of Hepliaklqana the Forgotten
  8881 | D:7      | Found a shimmering blue altar of Sif Muna.
  8998 | D:8      | Noticed a hornet
  9664 | D:7      | Reached skill level 5 in Dodging
  9871 | D:8      | Reached skill level 12 in Ranged Weapons
 10036 | D:8      | Found a white marble altar of Elyvilon.
 10900 | D:8      | Killed a hornet
 10901 | D:8      | Reached XP level 10. HP: 61/61 MP: 11/11
 11156 | D:8      | Found a stormy altar of Qazlal.
 11206 | D:9      | Found a glowing silver altar of Zin.
 11212 | D:9      | Learned a level 3 spell: Call Canine Familiar
 11226 | D:9      | Reached * piety under Hepliaklqana
 11246 | D:9      | Reached skill level 1 in Summonings
 11563 | D:10     | Entered Level 10 of the Dungeon
 11587 | D:10     | Found a flagged portal.
 11618 | Bailey   | Entered a bailey
 11726 | Bailey   | Reached skill level 1 in Long Blades
 11741 | Bailey   | Found a large runed translucent door.
 11741 | Bailey   | Found a large runed translucent door.
 11742 | Bailey   | Noticed a deep elf zephyrmancer
 11743 | Bailey   | Found the +4 Cigotuvi's embrace {rMiasma Drain rN+}
 11752 | Bailey   | Noticed an orc knight
 11778 | Bailey   | Reached skill level 1 in Spellcasting
 11790 | Bailey   | Learned a level 3 spell: Summon Guardian Golem
 11851 | Bailey   | Killed an orc knight
 11852 | Bailey   | Reached skill level 1 in Hexes
 11963 | Bailey   | Killed a deep elf zephyrmancer
 12113 | D:10     | Reached XP level 11. HP: 59/59 MP: 16/16
 12289 | D:10     | Paralysed by a hornet for 1 turns
 12378 | D:10     | Noticed a two-headed ogre
 12386 | D:10     | Killed a two-headed ogre
 12583 | D:10     | Found a staircase to the Lair.
 12693 | D:10     | Noticed a cyclops
 12717 | D:10     | Killed a cyclops
 12758 | D:10     | Found a radiant altar of Vehumet.
 12833 | D:10     | Identified the +0 pair of boots "Pokhosal" {Regen+}
 13461 | D:11     | Identified the +9 quarterstaff of Slimy Guile {drain, *Rage
                  | Str+3 Int+7 Stlth+}
 13500 | D:11     | Noticed a manticore
 13509 | D:11     | Killed a manticore
 13673 | D:11     | Noticed a soul eater
 13782 | Lair:1   | Entered Level 1 of the Lair of Beasts
 13892 | D:10     | Reached skill level 10 in Summonings
 13992 | Lair:1   | Reached skill level 13 in Ranged Weapons
 14267 | Lair:1   | Noticed an eight-headed hydra
 14302 | Lair:1   | Killed an eight-headed hydra
 14632 | Lair:1   | Reached ** piety under Hepliaklqana
 14633 | Lair:1   | Remembered your ancestor Friðuswiþ as a knight
 14907 | Lair:1   | Found the +10 morningstar "Eos" {elec, Halo rElec}
 14920 | Lair:1   | Reached skill level 14 in Ranged Weapons
 15059 | Lair:1   | Reached XP level 12. HP: 63/63 MP: 16/19
 15247 | Lair:2   | Reached skill level 15 in Ranged Weapons
 15287 | Lair:2   | Identified the +2 ring mail "Naneuh" {Will+ Str+2}
 15751 | Lair:2   | Found a staircase to the Snake Pit.
 15939 | Lair:3   | Noticed a catoblepas
 15951 | Lair:3   | Killed a catoblepas
 15952 | Lair:3   | Reached skill level 16 in Ranged Weapons
 15995 | Lair:3   | Reached *** piety under Hepliaklqana
 16029 | Lair:3   | Noticed Prince Ribbit
 16042 | Lair:3   | Killed Prince Ribbit
 16527 | Lair:3   | Noticed a five-headed hydra
 16535 | Lair:3   | Killed a five-headed hydra
 16747 | Lair:3   | Noticed a five-headed hydra
 16754 | Lair:3   | Killed a five-headed hydra
 16785 | Lair:3   | Found a staircase to the Swamp.
 17349 | Lair:4   | Reached skill level 1 in Invocations
 17376 | Lair:4   | Identified a scroll of acquirement
 17377 | Lair:4   | Acquired a +1 arbalest of flaming
 17413 | Lair:4   | Noticed a death yak
 17416 | Lair:4   | Noticed a death yak
 17416 | Lair:4   | Noticed a death yak
 17431 | Lair:4   | Killed a death yak
 17432 | Lair:4   | Reached XP level 13. HP: 71/71 MP: 18/20
 17511 | Lair:4   | Found a runed translucent gate.
 17783 | Lair:4   | Found a runed translucent gate.
 17783 | Lair:4   | Found a runed translucent gate.
 17789 | Lair:4   | Noticed Fiha's ghost (journeyman VSTm)
 18160 | Lair:4   | Found a staircase to the Slime Pits.
 18342 | Lair:5   | Entered Level 5 of the Lair of Beasts
 18485 | Lair:5   | Reached skill level 5 in Invocations
 18801 | Lair:5   | Reached **** piety under Hepliaklqana
 18810 | Lair:5   | Reached skill level 17 in Ranged Weapons
 19107 | Lair:5   | Reached XP level 14. HP: 59/77 MP: 21/21
 19158 | Lair:5   | Reached skill level 18 in Ranged Weapons
 19288 | Lair:5   | Identified the +8 shortbow of Cheibriados's Pride {vorpal,
                  | rPois Will+++ Str+5 Int-4}
 19383 | Lair:5   | Reached skill level 10 in Dodging
 19611 | Lair:5   | Reached skill level 10 in Fighting
 19676 | Lair:5   | Learned a level 4 spell: Summon Lightning Spire
 19886 | D:11     | Reached skill level 1 in Air Magic
 20050 | D:11     | Found an ornate altar of the Wu Jian Council.
 20062 | D:11     | Identified the +8 rapier "Budocuac" {antimagic, *Noise rF+
                  | rC++}
 20326 | D:11     | Reached ***** piety under Hepliaklqana
 20730 | D:12     | Reached skill level 5 in Air Magic
 20768 | D:12     | Noticed Voldus's ghost (journeyman DsFi)
 20785 | D:12     | Found a transporter.
 20863 | D:12     | Found a transporter.
 21318 | D:12     | Found a staircase to the Orcish Mines.
 21578 | Orc:1    | Entered Level 1 of the Orcish Mines
 21721 | Orc:1    | Noticed Fannar
 21725 | Orc:1    | Killed Fannar
 21845 | Orc:1    | Noticed Sonja
 21846 | Orc:1    | Killed Sonja
 21938 | Orc:1    | Found a bloodstained altar of Trog.
 22108 | Orc:2    | Entered Level 2 of the Orcish Mines
 22189 | Orc:2    | Found a staircase to the Elven Halls.
 22477 | Orc:2    | Found Untuiclo's Distillery.
 22483 | Orc:2    | Bought a potion of heal wounds for 75 gold pieces
 22740 | Orc:2    | Found Penom's General Store.
 22753 | Orc:2    | Found Koble's Magic Scroll Shop.
 22875 | Orc:2    | Bought a scroll of blinking for 127 gold pieces
 22880 | Orc:2    | Bought a scroll of identify for 30 gold pieces
 22880 | Orc:2    | Bought a scroll of identify for 30 gold pieces
 23354 | Orc:2    | Reached skill level 5 in Spellcasting
 23848 | Orc:2    | Reached XP level 15. HP: 82/82 MP: 18/24
 23938 | Orc:2    | Found Doazepp's Jewellery Shoppe.
 23938 | Orc:2    | Found Atryu's Antique Armour Emporium.
 23942 | Orc:2    | Reached skill level 10 in Air Magic
 23943 | Orc:2    | Found a one-way gate leading to the halls of Pandemonium.
 23948 | Orc:2    | Bought a runed cloak for 180 gold pieces
 25905 | D:14     | Found a gate to the Vaults.
 25975 | D:14     | Found a broken altar of Ashenzari.
 26413 | D:15     | Entered Level 15 of the Dungeon
 26426 | D:15     | Reached ****** piety under Hepliaklqana
 26612 | D:15     | Found a frozen archway.
 26628 | IceCv    | Entered an ice cave
 26637 | IceCv    | Demolished by a caustic shrike simulacrum

Illustrated notes

Levels and vault maps discovered:
D:1:      psy_arrival_terrarium, layout_basic, chequers_garden
D:2:      layout_basic, basic_altar, uniq_natasha
D:3:      layout_basic, mainiacjoe_overflow_paths
D:4:      layout_gridville, minmay_liquid_box
D:5:      layout_loops_ring, mainiacjoe_overflow_concentric_impassable,
          minmay_stone_trees_small, grunt_ministairs_10
D:6:      layout_basic, mainiacjoe_overflow_alcove_4,
          mainiacjoe_overflow_small_starburst, cheibriados_altar_1,
          uniq_sigmund, uniq_eustachio, uniq_crazy_yiuf_cottage
D:7:      layout_basic, kennysheep_little_box, minmay_temple_entry_proselytizer,
          serial_shops, shop
D:8:      layout_rooms, nicolae_qazlal_scattered_showers, elyvilon_altar_3
D:9:      layout_basic, zin_scriptorium
D:10:     layout_long_grid, fiery_altar_vehumet, lair_entry_dummy,
          enter_bailey_2
D:11:     layout_loops_corners, nicolae_wu_jian_glorious_leap
D:12:     layout_small_grid, david_orc_4, gammafunk_ghost_arena,
          minmay_door_square, minmay_fractal_squares_gapless_5
D:13:     layout_basic, minmay_misc_feat_enclosed, st_stairs_11, drop_trap
D:14:     layout_roguey, grunt_vaults_entry_fortified,
          ashenzari_conservatory_becter, hangedman_abyss_or_decor_lesser_grid
D:15:     gammafunk_enter_depths_forms, layout_rooms, serial_shops, shop,
          serial_ice, serial_ice_g, serial_ice_k, serial_ice_h, serial_ice_e,
          serial_ice_b, serial_ice_d, serial_ice_m, serial_ice_n, serial_ice_a,
          serial_ice_o, portal_ice_cave_entry_ice_statue_two, tso_metal_star
Temple:   nicolae_temple_hex_pool
Lair:1:   layout_layer_cave
Lair:2:   layout_gridlike, minmay_snake_entry_guardpost_medium,
          lemuel_fruit_tree, serial_bayou_shore_a
Lair:3:   layout_regular_city, palyth_hydra_swamp_entry, uniq_prince_ribbit2
Lair:4:   layout_gridlike, minmay_slime_entry_pillars,
          gammafunk_ghost_necromancy, disabler_island
Lair:5:   minmay_lair_end_frog_pond, layout_misc_corridors,
          infiniplex_staircase_pool
Orc:1:    layout_caves, david_defended_altar_orc, uniq_fannar, uniq_sonja
Orc:2:    pf_orc_diabolical, layout_diamond_mine, serial_shops, shop
IceCv:    ice_cave_statue_garden_transporter

Skill      XL: |  1  2  3  4  5  6  7  8  9 10 11 12 13 14 15 |
---------------+----------------------------------------------+-----
Stealth        | 2 3 |  3.0
Ranged Weapons | 5 6 7 8 10 12 14 16 17 18 | 18.0
Fighting       | 3 5 6 8 9 10 11 | 11.2
Dodging        | 6 8 9 10 11 | 11.4
Summonings     | 8 10 | 10.9
Long Blades    | 1 |  1.0
Spellcasting   | 3 4 5 6 |  6.0
Hexes          | 2 4 |  4.0
Invocations    | 2 5 6 |  6.2
Air Magic      | 8 12 | 12.0

Action                   |  1- 3 |  4- 6 |  7- 9 | 10-12 | 13-15 || total
-------------------------+-------+-------+-------+-------+-------++-------
 Fire: Shortbow          |    60 |   135 |   490 |   473 |       ||  1158
       Arbalest          |       |       |       |     6 |   766 ||   772
 Cast: Summon Guardian G |       |       |       |    29 |     1 ||    30
       Call Canine Famil |       |       |       |     7 |     1 ||     8
       Summon Lightning  |       |       |       |       |    18 ||    18
Invok: Recall Ancestor   |       |       |       |     6 |     8 ||    14
       Ancestor Life: Kn |       |       |       |     1 |       ||     1
       Transference      |       |       |       |     1 |     4 ||     5
       Idealise          |       |       |       |       |     1 ||     1
  Use: Scroll            |       |       |    12 |    17 |     7 ||    36
       Potion            |       |       |     1 |     1 |     1 ||     3
Armor: Leather armour    |     4 |     3 |    25 |    22 |    30 ||    84
       Troll leather arm |       |       |       |     5 |       ||     5
Dodge: Dodged            |    12 |    27 |   167 |   135 |   138 ||   479
